 Dungeon Crawl Stone Soup version 0.17.1-1-g73c8601 (console) character file.

82 Kloppie the Skirmisher (level 4, -3/25 HPs)
             Began as a Vine Stalker Berserker on Dec 19, 2015.
             Was a Believer of Trog.
             Asphyxiated
             ... on level 3 of the Dungeon.
             The game lasted 00:02:49 (1510 turns).

Kloppie the Skirmisher (Vine Stalker Berserker)     Turns: 1510, Time: 00:02:49

Health: -3/25      AC:  2    Str: 19    XL:     4   Next: 43%
Magic:  0/5        EV: 12    Int:  7    God:    Trog [**....]
Gold:   105        SH:  0    Dex: 15    Spells: 0 memorised, 3 levels left

rFire  . . .     SeeInvis +     a - +0 short sword
rCold  . . .     Clarity  .     b - +0 animal skin
rNeg   + . .     SustAt   .     (no shield)
rPois  .         Gourm    .     (no helmet)
rElec  .         Spirit   +     (no cloak)
rCorr  .         Warding  .     (no gloves)
rMut   .         Stasis   .     (no boots)
MR     .....                    m - amulet of regeneration
Stlth  +.........               q - ring of positive energy
                                p - ring of see invisible

@: lethally poisoned (-3 -> -8), slowed, very slow, not resistant to hostile
enchantments, very unstealthy
A: fangs 2, regeneration 1, magic shield, antimagic bite, no device heal 3, rot
immunity
a: Berserk, Trog's Hand, Burn Spellbooks, Renounce Religion


You were on level 3 of the Dungeon.
You worshipped Trog.
Trog was pleased with you.
You were hungry.

You visited 1 branch of the dungeon, and saw 3 of its levels.

You collected 105 gold pieces.

Inventory:

Hand Weapons
 a - a +0 short sword (weapon)
Armour
 b - a +0 animal skin (worn)
 e - a +0 plate armour
Jewellery
 m - an amulet of regeneration (around neck)
 p - a ring of see invisible (left hand)
 q - a ring of positive energy (right hand)
Wands
 o - a wand of flame (16)
Scrolls
 d - a scroll of noise {unknown}
 f - 2 scrolls of remove curse {unknown}
 j - a scroll of fog {unknown}
 l - 3 scrolls of identify {unknown}
 r - a scroll of blinking {unknown}
 u - 2 scrolls of enchant weapon {unknown}
Potions
 g - 2 potions of haste {unknown}
 h - 2 potions of curing {unknown}
 k - a potion of beneficial mutation {unknown}
 s - a potion of cancellation {unknown}
Comestibles
 c - a bread ration
 i - 2 slices of pizza
 t - a meat ration


   Skills:
 + Level 4.0 Fighting
 + Level 3.4 Short Blades
 - Level 1.5 Armour
 - Level 1.5 Dodging


You had 3 spell levels left.
You didn't know any spells.

Dungeon Overview and Level Annotations

Branches:
Dungeon (3/15)

Altars:


Innate Abilities, Weirdness & Mutations

You have extremely sharp teeth.
Your natural rate of healing is unusually fast.
When hurt, damage is shared between your health and your magic reserves.
Your bite disrupts and absorbs the magic of your enemies.
Potions and wands cannot restore your health.
You are immune to rotting.


Message History

The kobold unwields an uncursed blowgun.
The kobold wields an uncursed dagger.
The kobold hits you with an uncursed dagger.
The bat hits you but does no damage.
You see here a curare-tipped needle.
You feel sick. The bat barely misses you. The bat misses you.
You see here a scroll labeled ZOTTATSU AKARPH.
You feel sick. The bat hits you.
* * * LOW HITPOINT WARNING * * *
The bat hits you but does no damage. The bat barely misses you.
You feel sick. The bat closely misses you. The bat hits you but does no damage.
You feel sick. The bat closely misses you. The bat misses you.
The bat hits you but does no damage. The bat barely misses you.
The bat barely misses you.
The kobold unwields an uncursed dagger.
The kobold wields an uncursed blowgun.
The kobold shoots a curare-tipped needle.
The curare-tipped needle hits you.
You are more poisoned.
You have difficulty breathing.
You die...

.....#$ .....#.
.......##
........#### ##
........... ..#
........#†# ##.>..
.!......#g####..>#
........rK.b.b.#
...!...)###.@.##
.......##
###....... .......
####... ....... #
....... .......
...[...


You could see a hobgoblin, 2 bats, a kobold and a rat.

Vanquished Creatures
  2 adders
  An ooze (D:1)
  3 worms (D:2)
  A giant gecko (D:2)
  An orc (D:3)
  7 bats
  4 giant cockroaches (D:2)
  8 hobgoblins
  2 jackals (D:1)
  A quokka (D:2)
  A ball python (D:1)
  3 giant newts (D:2)
  3 goblins
  5 kobolds
  8 rats
50 creatures vanquished.

Notes
Turn   | Place    | Note
--------------------------------------------------------------
     0 | D:1      | Kloppie the Vine Stalker Berserker began the quest for the Orb.
     0 | D:1      | Reached XP level 1. HP: 11/11 MP: 2/2
   110 | D:1      | Reached skill level 3 in Short Blades
   110 | D:1      | Reached XP level 2. HP: 13/16 MP: 3/3
   686 | D:2      | Reached ** piety under Trog
   720 | D:2      | Reached XP level 3. HP: 15/20 MP: 4/4
   990 | D:2      | Reached XP level 4. HP: 23/25 MP: 5/5
  1498 | D:3      | Reached skill level 4 in Fighting
  1510 | D:3      | Asphyxiated

Action                   |  1- 3 |  4- 6 || total
-------------------------+-------+-------++-------
Melee: Short sword       |   120 |    29 ||   149
Invok: Berserk           |     1 |       ||     1
       Trog's Hand       |     1 |       ||     1
 Stab: Sleeping          |     4 |       ||     4
  Eat: Chunk             |     2 |     1 ||     3
